 Dungeon Crawl Stone Soup version 0.29-a0-1065-g47a6bb87d6 (webtiles) character file.

Game seed: 13260843174892687457

683 snarfax the Covert (level 7, -1/46 HPs)
             Began as an Octopode Brigand on Aug 18, 2022.
             Killed from afar by an orc wizard (8 damage)
             ... with a magic dart
             ... on level 5 of the Dungeon.
             The game lasted 00:11:33 (4434 turns).

snarfax the Covert (Octopode Brigand)               Turns: 4434, Time: 00:11:34

Health: -1/46      AC:  1    Str: 10    XL:     7   Next: 61%
Magic:  7/7        EV: 15    Int: 14    God:
Gold:   160        SH:  0    Dex: 15    Spells: 6/6 levels left

rFire   . . .      SeeInvis .   t - +0 rapier (elec)
rCold   . . .      Faith    .   (no shield)
rNeg    . . .      Spirit   .   (helmet restricted)
rPois   .          Reflect  .   (no amulet)
rElec   .          Harm     .   (no ring)
rCorr   .          Rampage  .   (no ring)
Will    .....                   (no ring)
Stlth   +++++.....              (no ring)
HPRegen 0.15/turn               (no ring)
MPRegen 0.10/turn               (no ring)
                                (no ring)
                                (no ring)

@: no status effects
A: almost no armour, amphibious, 8 rings, camouflage 1, gelatinous body 1,
(nimble swimmer 1), tentacles
a: no special abilities


You were on level 5 of the Dungeon.
You visited 1 branch of the dungeon, and saw 5 of its levels.

You collected 160 gold pieces.

Inventory:

Hand Weapons
 a - a +2 dagger
 t - a +0 rapier of electrocution (weapon)
Missiles
 b - 8 poisoned darts (quivered)
 n - 4 atropa-tipped darts
 u - 3 curare-tipped darts
Armour
 m - a +0 tower shield
Scrolls
 c - a scroll of fear
 d - a scroll of poison {unknown}
 h - a scroll of brand weapon {unknown}
 o - a scroll of immolation {unknown}
 q - a scroll of identify
 s - a scroll of butterflies {unknown}
Potions
 e - 2 potions of magic {unknown}
 f - 3 potions of heal wounds {unknown}
 g - 2 potions of berserk rage
 i - a potion of might {unknown}
 j - 4 potions of curing
 k - 3 potions of brilliance
 l - 2 potions of attraction {unknown}
 p - 2 potions of degeneration {unknown}
 r - a potion of cancellation {unknown}


   Skills:
 + Level 3.6 Fighting
 + Level 3.6 Short Blades
 - Level 3.0 Throwing
 * Level 4.5 Dodging
 + Level 8.3 Stealth


You had 6 spell levels left.
You didn't know any spells.
Your spell library contained the following spells:

 Spells                   Type           Power      Damage    Failure   Level
 Shock                    Conj/Air       0%         1d3       28%         1
 Poisonous Vapours        Pois/Air       0%         N/A       41%         2
 Summon Guardian Golem    Hex/Summ       0%         N/A       65%         3
 Swiftness                Air            0%         N/A       65%         3
 Airstrike                Air            0%         2d(0-16)  96%         4
 Animate Dead             Necr           0%         N/A       96%         4
 Corpse Rot               Necr/Pois/Air  0%         N/A       96%         4
 Fulminant Prism          Conj/Hex       0%         3d6       96%         4
 Iskenderun's Mystic Bla  Conj/Tloc      0%         2d3       96%         4
 Lee's Rapid Deconstruct  Erth           0%         3d5*      100%        5
 Haunt                    Necr/Summ      0%         N/A       100%        7
 Orb of Destruction       Conj           0%         9d5       100%        7
 Spellforged Servitor     Conj/Summ      0%         N/A       100%        7
 Infestation              Necr           0%         N/A       100%        8


Dungeon Overview and Level Annotations

Branches:
Dungeon (5/15)
 Temple: D:4-7

Altars:

Shops:
D:1 [


Innate Abilities, Weirdness & Mutations

You cannot wear most types of armour.
You are amphibious.
You can wear up to eight rings at the same time.
Your skin changes colour to match your surroundings (Stealth+).
Your rubbery body absorbs attacks. (AC +1, EV +1)
((You are camouflaged when in or above water. (Stealth+)))
You have tentacles for arms and can constrict up to eight enemies at once.


Message History

The magic dart hits you.
You closely miss something. Something barely misses you.
You barely miss something. Something hits you.
You hit something. Your squeeze misses something. Something hits you.
You hit something. Something hits you.
You hit something but do no damage. Something hits you.
You closely miss something. Your squeeze misses something.
You hear some strange, mumbled words.
A magic dart appears from out of thin air!
The magic dart hits you!
You barely miss something. Your squeeze misses something.
You hear some strange, mumbled words.
You are confused.
You closely miss something.
You hear some strange, mumbled words.
You are more confused.
You bump into the rock wall.
Something hits you.
You bump into the rock wall.
Something barely misses you.
You bump into the rock wall.
Something completely misses you.
You're too confused to move!
Something hits you.
You bump into the rock wall.
Something hits you.
You bump into the rock wall.
Something hits you but does no damage.
You feel better. Something completely misses you.
You hear some strange, mumbled words.
A puff of flame appears from out of thin air!
The puff of flame hits you!
You are confused.
You're too confused to move!
You feel better.
A puff of flame appears from out of thin air!
The puff of flame hits you!
The orc wizard points at you and mumbles some strange words.
The puff of flame hits you.
* * * LOW HITPOINT WARNING * * *
The orc wizard casts a spell at you. The magic dart hits you.
* * * LOW HITPOINT WARNING * * *
The orc wizard casts a spell at you. The magic dart hits you!
You die...

##############
#######.....?......#
#............#####.#
#####....#.# #.###
#.....##.#.#####.(..
#.###.#.....o.o...#.
#@#.#..#.######.#.
#.#.#..#.# #.#.
#.#o#..#.# #.#.
#.#.####.# #.#.
#.#o# #.# #.#. #.#.#
#.# #.#. #o#.# #.#
#.# #o#.# #.# #.#.#


You could see an orc wizard and an orc.

Vanquished Creatures
  Grinder (D:4)
  Eustachio (D:4)
  A black bear (D:4)
  A howler monkey (D:5)
  A hound (D:4)
  Natasha (twice) (D:3)
  Terence (D:2)
  5 adders
  An ufetubus (D:4)
  A dart slug (D:1)
  An orc (D:3)
  5 ball pythons
  7 bats
  4 endoplasms
  3 giant cockroaches
  7 goblins
  6 hobgoblins
  2 jackals (D:2)
  4 frilled lizards
  12 kobolds
  3 rats
69 creatures vanquished.

Notes
Turn   | Place    | Note
-------+----------+-------------------------------------------
     0 | D:1      | snarfax the Octopode Brigand began the quest for the Orb.
     0 | D:1      | Reached XP level 1. HP: 14/14 MP: 1/1
    52 | D:1      | Reached XP level 2. HP: 19/19 MP: 2/2
   939 | D:1      | Found Juweops's Antique Armour Shop.
   942 | D:1      | Reached XP level 3. HP: 24/24 MP: 3/3
  1006 | D:2      | Found a faded altar of an unknown god.
  1092 | D:2      | Noticed Terence
  1099 | D:2      | Killed Terence
  1100 | D:2      | Reached skill level 6 in Stealth
  1100 | D:2      | Reached XP level 4. HP: 30/30 MP: 4/4
  2232 | D:3      | Noticed Natasha
  2238 | D:3      | Killed Natasha
  2239 | D:3      | Reached XP level 5. HP: 32/35 MP: 5/5
  2793 | D:3      | Noticed Natasha
  2803 | D:3      | Killed Natasha
  3219 | D:4      | Noticed Eustachio
  3320 | D:4      | Noticed Grinder
  3327 | D:4      | Killed Grinder
  3328 | D:4      | Reached skill level 7 in Stealth
  3328 | D:4      | Reached XP level 6. HP: 40/42 MP: 6/6
  3559 | D:4      | Noticed a black bear
  3567 | D:4      | Killed a black bear
  3568 | D:4      | Reached skill level 8 in Stealth
  3568 | D:4      | Reached XP level 7. HP: 22/46 MP: 7/7
  3740 | D:4      | Killed Eustachio
  4312 | D:5      | Entered Level 5 of the Dungeon
  4434 | D:5      | Killed from afar by an orc wizard

Illustrated notes

Levels and vault maps discovered:
D:1:      lemuel_arrival_cross, layout_rooms, serial_shops, shop_fountains,
          minmay_misc_feat_enclosed, minmay_liquid_box, minmay_indecisive_spiral
D:2:      layout_loops_ring, nicolae_ecumenical_oubliette, uniq_terence
D:3:      layout_basic, hangedman_decor_diamond_cutter, amethyst_killhole,
          minmay_unequal, uniq_natasha
D:4:      layout_basic, uniq_eustachio, uniq_grinder
D:5:      layout_basic, guppyfry_early_lair_pool

Skill      XL: |  1  2  3  4  5  6  7 |
---------------+----------------------+-----
Dodging        | 2 3 4 |  4.5
Stealth        | 6 7 8 |  8.3
Fighting       | 3 |  3.6
Short Blades   | 3 |  3.6
Throwing       | 3 |  3.0

Action                   |  1- 3 |  4- 6 |  7- 9 || total
-------------------------+-------+-------+-------++-------
Melee: Dagger            |    52 |    64 |     4 ||   120
       Constrict         |    11 |    10 |     1 ||    22
       Tentacles         |     4 |    17 |     3 ||    24
       Rapier            |       |       |    17 ||    17
Throw: Dart              |       |     5 |     5 ||    10
  Use: Scroll            |       |     6 |       ||     6
       Potion            |       |       |     2 ||     2
 Stab: Sleeping          |    13 |    16 |     7 ||    36
       Invisible         |       |       |     1 ||     1
Armor: Skin              |     1 |     6 |     1 ||     8
Dodge: Dodged            |    19 |    34 |     8 ||    61

Table legend: (Time is in decaauts)
 A = Elapsed time spent in this place.
 B = Non-inter-level travel time spent in this place.
 C = Inter-level travel time spent in this place.
 D = Time resting spent in this place.
 E = Time spent auto-exploring this place.
 F = Levels seen in this place.
 G = Mean time per level.
                   A        B        C        D        E       F      G
               +--------+--------+--------+--------+--------+-----+--------+
         Total |   4416 |   4281 |    135 |    541 |   3066 |   5 |  883.2 |
       Dungeon |   4416 |   4281 |    135 |    541 |   3066 |   5 |  883.2 |
               +--------+--------+--------+--------+--------+-----+--------+

Top non-repeatable levels by time:
     D:3: 1473 daAuts
     D:4: 1109 daAuts
     D:1: 1007 daAuts
     D:2: 705 daAuts
     D:5: 121 daAuts
